 Dungeon Crawl Stone Soup version 0.30.1-8-g117510f58f (webtiles) character file.

Game seed: 16471019897094785564

4 ChiefBigBeans the Chiller (level 1, -2/14 HPs)
             Began as a Draconian Ice Elementalist on Sept 24, 2023.
             Slain by a goblin
             ... wielding a +1 dagger of protection
              (4 damage)
             ... on level 1 of the Dungeon.
             The game lasted 00:00:46 (131 turns).

ChiefBigBeans the Chiller (DrIE)                     Turns: 131, Time: 00:00:47

Health: -2/14      AC:  5    Str: 10    XL:     1   Next: 58%
Magic:  2/3        EV: 12    Int: 15    God:
Gold:   24         SH:  0    Dex: 11    Spells: 3/4 levels left

rFire   . . .        b - +0 club
rCold   . . .        (no shield)
rNeg    . . .        (body armour unavailable)
rPois   .            (helmet restricted)
rElec   .            (no cloak)
rCorr   .            c - +0 pair of gloves
SInv    .            (no boots)
Will    .....        (no amulet)
Stlth   ++           (no ring)
HPRegen 0.22/turn    (no ring)
MPRegen 0.08/turn

%: no passive effects
@: no status effects
A: AC +4, unfitting armour, cold-blooded
a: no special abilities


You were on level 1 of the Dungeon.
You visited 1 branch of the dungeon, and saw 1 of its levels.

You collected 24 gold pieces.

Inventory:

Hand Weapons
 b - a +0 club (weapon)
Armour
 c - a +0 pair of gloves (worn)
Potions
 a - a potion of magic


   Skills:
 - Level 1.7 Dodging
 - Level 1.7 Stealth
 + Level 2.2 Spellcasting
 + Level 4.1 Ice Magic


You had 3 spell levels left.
You knew the following spells:

 Your Spells              Type           Power      Damage    Failure   Level
a - Freeze                Ice            56%        1d7       4%          1

Your spell library contained the following spells:

 Spells                   Type           Power      Damage    Failure   Level
 Frozen Ramparts          Ice            28%        1d5       12%         3
 Ozocubu's Armour         Ice            14%        N/A       12%         3
 Summon Ice Beast         Ice/Summ       7%         N/A       67%         4
 Ozocubu's Refrigeration  Ice            7%         4d9       100%        7


Dungeon Overview and Level Annotations

Branches:
Dungeon (1/15)

Altars:


Innate Abilities, Weirdness & Mutations

Your plain brown scales are hard. (AC +4)
You cannot fit into any form of body armour.
You are cold-blooded and may be slowed by cold attacks.


Message History

You are frozen.
* * * LOW HITPOINT WARNING * * *
You feel yourself slow down.
The endoplasm hits you but does no damage.
The goblin barely misses you. The goblin hits you but does no damage.
The goblin attacks as you move away! The goblin hits you but does no damage.
Your magical contamination has completely faded away.
The goblin attacks as you move away! The goblin closely misses you.
You hit the endoplasm.
The endoplasm is moderately wounded.
You feel yourself speed up. The goblin barely misses you.
The endoplasm misses you. The endoplasm barely misses you.
The goblin misses you.
You hit the endoplasm.
The endoplasm is almost dead.
The goblin hits you with a +0 dagger.
* * * LOW HITPOINT WARNING * * *
The endoplasm barely misses you.
You hit the endoplasm.
You kill the endoplasm!
The goblin misses you.
You closely miss the goblin.
Your tail-slap misses the goblin.
The goblin closely misses you. The goblin hits you but does no damage.
You hit the goblin.
The goblin is moderately wounded.
The goblin hits you but does no damage.
The goblin hits you with a +1 dagger of protection.
* * * LOW HITPOINT WARNING * * *
The goblin hits you but does no damage. The goblin completely misses you.
You closely miss the goblin.
The goblin is moderately wounded.
The goblin closely misses you. The goblin barely misses you.
You closely miss the goblin.
The goblin is moderately wounded.
The goblin closely misses you. The goblin hits you but does no damage.
You hit the goblin.
The goblin is severely wounded.
The goblin hits you but does no damage.
The goblin hits you with a +1 dagger of protection.
You die...

..$...####........#
#........#........# #
#........##.......# #
#.........#.......## #
#..........###.....## #
#...................###
####.#........#.......#
#.#g#####.......#..#
#.g@# ####...>#...
#..## #.....#.. .....
.......... #....#
#.....#.... #.#..
.....##.... ...###
..##....... ## ###.....
####.. #..


You could see 2 goblins.

Vanquished Creatures
  An endoplasm (D:1)
  A goblin (D:1)
  A hobgoblin (D:1)
  A frilled lizard (D:1)
4 creatures vanquished.

Notes
Turn   | Place    | Note
-------+----------+-------------------------------------------
     0 | D:1      | ChiefBigBeans the Draconian Ice Elementalist began the
                  | quest for the Orb.
     0 | D:1      | Reached XP level 1. HP: 14/14 MP: 3/3
   131 | D:1      | Slain by a goblin

Illustrated notes

Levels and vault maps discovered:
D:1:      minmay_arrival_split_and_join, layout_rooms, minmay_misc_feat_tower

Action                     || total
---------------------------++-------
  Melee: Club              ||    15
         Tailslap          ||     2
         Punch             ||     1
   Cast: Freeze            ||     4
 Armour: Skin              ||    23
  Dodge: Dodged            ||    24
